 Dungeon Crawl Stone Soup version 0.27-a0-34-gc18c9092ac (webtiles) character file.

Game seed: 16972414774696109705

31 robertstho the Covered (level 3, 0/23 HPs)
             Began as a Gargoyle Fighter on Jan 4, 2021.
             Slain by Grinder (2 damage)
             ... on level 3 of the Dungeon.
             The game lasted 00:01:14 (1889 turns).

robertstho the Covered (Gargoyle Fighter)           Turns: 1889, Time: 00:01:15

Health: 0/23       AC: 11    Str: 20    XL:     3   Next: 22%
Magic:  3/3        EV:  7    Int:  8    God:
Gold:   117        SH:  9    Dex:  9    Spells: 2/2 levels left

rFire    . . .     SeeInvis .   a - +0 flail
rCold    . . .     Faith    .   c - +0 kite shield
rNeg     + . .     Spirit   .   b - +0 scale mail
rPois    ∞         Reflect  .   (no helmet)
rElec    +         Harm     .   (no cloak)
rCorr    .         Rampage  .   (no gloves)
Will     .....                  k - +0 pair of boots {Fly}
Stlth    ..........             (no amulet)
HPRegen  0.07/turn              (no ring)
MPRegen  0.08/turn              (no ring)

@: mighty, flying
A: negative energy resistance 1, electricity resistance, unbreathing,
petrification resistance, miasma immunity, AC +3
a: Stop Flying


You were on level 3 of the Dungeon.
You visited 1 branch of the dungeon, and saw 3 of its levels.

You collected 117 gold pieces.

Inventory:

Hand Weapons
 a - a +0 flail (weapon)
Armour
 b - a +0 scale mail (worn)
 c - a +0 kite shield (worn)
 k - a +0 pair of boots of flying (worn)
Scrolls
 e - 2 scrolls of identify {unknown}
 f - a scroll of enchant armour {unknown}
 g - a scroll of amnesia {unknown}
 j - 2 scrolls of magic mapping {unknown}
 m - 2 scrolls of enchant weapon {unknown}
 n - a scroll of blinking {unknown}
 o - a scroll of fog {unknown}
 p - a scroll of remove curse {unknown}
 q - a scroll of fear {unknown}
Potions
 i - a potion of degeneration {unknown}
 l - a potion of invisibility {unknown}


   Skills:
 * Level 3.6 Fighting
 + Level 2.6 Maces & Flails
 * Level 3.8 Armour
 + Level 0.1 Dodging
 + Level 3.4 Shields


You had 2 spell levels left.
You didn't know any spells.
Your spell library was empty.

Dungeon Overview and Level Annotations

Branches:
Dungeon (3/15)

Altars:

Annotations:
D:3 Grinder


Innate Abilities, Weirdness & Mutations

You are resistant to torment.
Your stone body is resilient. (AC +3)
You are immune to poison.
You resist negative energy. (rN+)
You are resistant to electric shocks. (rElec)
You can survive without breathing.
You are immune to petrification.
You are immune to miasma.


Message History

You are too injured to fight recklessly!
You are too injured to fight recklessly!
You are too injured to fight recklessly!
You feel very mighty all of a sudden. Grinder gestures at you.
Pain shoots through your body!
It was a potion of curing.
You feel better. Grinder hits you.
You writhe in agony.
You hit Grinder.
Grinder is lightly wounded.
Grinder blinks!
Grinder hits you.
* * * LOW HITPOINT WARNING * * *
There is a stone staircase leading down here.
You hit Grinder.
Grinder is moderately wounded.
Grinder hits you.
* * * LOW HITPOINT WARNING * * *
You writhe in agony.
You die...

#### ### #....
..####.
#....########.......
#...................
......).#.#.........
.......<#.#.........
.?...##.5.#.........
... +..#@..........
# ####.##.####.#.
#.......# #†##.....#
#.##.....#
...+.....+
...##.....#
....##.....#
.....##.....#


You could see Grinder.

Vanquished Creatures
  A dart slug (D:2)
  A leopard gecko (D:2)
  2 giant cockroaches (D:2)
  2 goblins
  A hobgoblin (D:2)
  3 quokkas (D:2)
  4 bats
  8 kobolds
  6 rats
28 creatures vanquished.

Notes
Turn   | Place    | Note
-------+----------+-------------------------------------------
     0 | D:1      | robertstho the Gargoyle Fighter began the quest for the
                  | Orb.
     0 | D:1      | Reached XP level 1. HP: 14/14 MP: 1/1
   349 | D:1      | Reached XP level 2. HP: 19/19 MP: 2/2
  1149 | D:2      | Reached XP level 3. HP: 21/23 MP: 3/3
  1874 | D:3      | Noticed Grinder
  1889 | D:3      | Slain by Grinder

Illustrated notes

Levels and vault maps discovered:
D:1:      saegor_arrival_miasma, layout_basic
D:2:      layout_loops_ring, grunt_ministairs_10
D:3:      layout_basic, nicolae_ru_great_annihilating_truth, uniq_grinder

Action                   || total
-------------------------++-------
Melee: Flail             ||   102
  Use: Potion            ||     2
Armor: Scale mail        ||    49
Dodge: Dodged            ||    37
Block: Kite shield       ||    54

Table legend: (Time is in decaauts)
 A = Elapsed time spent in this place.
 B = Non-inter-level travel time spent in this place.
 C = Inter-level travel time spent in this place.
 D = Time resting spent in this place.
 E = Time spent auto-exploring this place.
 F = Levels seen in this place.
 G = Mean time per level.
                   A        B        C        D        E       F      G
               +--------+--------+--------+--------+--------+-----+--------+
         Total |   1925 |   1809 |    116 |      0 |   1569 |   3 |  641.7 |
       Dungeon |   1925 |   1809 |    116 |      0 |   1569 |   3 |  641.7 |
               +--------+--------+--------+--------+--------+-----+--------+

Top non-repeatable levels by time:
     D:1: 1048 daAuts
     D:2: 857 daAuts
     D:3: 19 daAuts
